[ AOE2 MATCH · #492523036 ]
Team RMBulgarians vs Vietnamese
[ REPLAY ANALYSIS · EXTRACTED FROM THE RECORDED GAME ]
Feudal
11:02
Castle
21:00
Imperial
35:07
| APM avg | 49.1 |
| APM peak | 84 |
| eAPM avg | 25.2 |
| Villagers / military | 153 / 52 |
Focus
⚔️ 28.4% · 🌾 71.6%
Scorpion ×33 · Battering Ram ×7 · Mangonel ×5 · Militia ×4 · Trebuchet (Packed) ×2 · Konnik ×1
Feudal
12:31
Castle
16:22
Imperial
29:03
| APM avg | 19.2 |
| APM peak | 43 |
| eAPM avg | 14.2 |
| Villagers / military | 128 / 173 |
Focus
⚔️ 19.9% · 🌾 80.1%
Knight ×161 · Trade Cart ×27 · Hand Cannoneer ×10 · Mangonel ×1 · Bombard Cannon ×1
Feudal
11:48
Castle
15:43
Imperial
28:53
| APM avg | 23.5 |
| APM peak | 55 |
| eAPM avg | 17.6 |
| Villagers / military | 155 / 242 |
Focus
⚔️ 24.6% · 🌾 75.4%
Knight ×242
Feudal
11:06
Castle
14:52
Imperial
33:07
| APM avg | 33.6 |
| APM peak | 92 |
| eAPM avg | 21.0 |
| Villagers / military | 183 / 270 |
Focus
⚔️ 28.6% · 🌾 71.4%
Spearman ×199 · Jaguar Warrior ×38 · Militia ×19 · Mangonel ×9 · Trebuchet (Packed) ×3 · Monk ×2
Feudal
11:32
Castle
15:27
Imperial
30:03
| APM avg | 31.8 |
| APM peak | 90 |
| eAPM avg | 23.0 |
| Villagers / military | 139 / 215 |
Focus
⚔️ 38.3% · 🌾 61.7%
Longbowman ×88 · Spearman ×70 · Skirmisher ×54 · Monk ×3
Feudal
12:39
Castle
16:17
Imperial
28:12
| APM avg | 47.9 |
| APM peak | 106 |
| eAPM avg | 37.7 |
| Villagers / military | 189 / 155 |
Focus
⚔️ 46.3% · 🌾 53.7%
Elephant Archer ×134 · Trade Cart ×43 · Armored Elephant ×11 · Trebuchet (Packed) ×8 · Monk ×2
Feudal
11:03
Castle
14:39
Imperial
29:03
| APM avg | 25.3 |
| APM peak | 71 |
| eAPM avg | 20.0 |
| Villagers / military | 171 / 175 |
Focus
⚔️ 37.0% · 🌾 63.0%
Spearman ×125 · Missionary ×42 · Trade Cart ×9 · Bombard Cannon ×6 · Monk ×2
Feudal
11:05
Castle
21:53
Imperial
—
| APM avg | 34.5 |
| APM peak | 70 |
| eAPM avg | 13.1 |
| Villagers / military | 64 / 41 |
Focus
⚔️ 19.2% · 🌾 80.8%
Archer ×37 · Mangonel ×3 · Spearman ×1
Match map
Initial resources + every placement click. Lines = walls · curves = elevation contours. ◆ gold · ⬟ stone · ● berries · ✦ relic · ◌ wall gap
Your base· ✓ Closed at 21:00 · 12t walls · no gate
Mr.stealyoBoar's base· ✓ Closed at 16:22 · 0t walls · no gate
Iam_Toretto's base· ✓ Closed at 15:43 · 0t walls · no gate
AML4554's base· ✓ Closed at 14:52 · 0t walls · no gate
Baysal's base· ✓ Closed at 15:27 · 33t walls · 1 gate(s)
KIV.4dd44's base· ✓ Closed at 16:17 · 22t walls · 2 gate(s)
joe08957's base· ✓ Closed at 14:39 · 0t walls · no gate
Gandalfsen's base· ✓ Closed at 21:53 · 28t walls · no gate
Smoothed initial terrain · ◌ = detected wall gap · hover for details
Inputs per minute
— knife - - Mr.stealyoBoar
Build order — knife
First 150 of 366 actions detected
| 0:02 | Create | Villager (Male) |
| 0:02 | Create | Villager (Male) |
| 0:03 | Build | House |
| 0:04 | Build | House |
| 0:17 | Create | Villager (Male) |
| 0:18 | Create | Villager (Male) |
| 0:18 | Create | Villager (Male) |
| 0:43 | Create | Villager (Male) |
| 0:45 | Create | Villager (Male) |
| 0:46 | Create | Villager (Male) |
| 1:06 | Research | Loom |
| 1:16 | Create | Villager (Male) |
| 1:16 | Create | Villager (Male) |
| 1:16 | Create | Villager (Male) |
| 1:24 | Build | Palisade Wall |
| 1:49 | Create | Villager (Male) |
| 1:49 | Create | Villager (Male) |
| 1:49 | Create | Villager (Male) |
| 2:23 | Create | Villager (Male) |
| 2:24 | Create | Villager (Male) |
| 2:24 | Create | Villager (Male) |
| 3:02 | Create | Villager (Male) |
| 3:02 | Create | Villager (Male) |
| 3:02 | Create | Villager (Male) |
| 3:29 | Create | Villager (Male) |
| 3:30 | Create | Villager (Male) |
| 3:30 | Create | Villager (Male) |
| 3:39 | Build | Palisade Wall |
| 3:40 | Build | Palisade Wall |
| 3:46 | Create | Villager (Male) |
| 3:46 | Create | Villager (Male) |
| 4:12 | Create | Villager (Male) |
| 4:12 | Create | Villager (Male) |
| 4:12 | Create | Villager (Male) |
| 4:34 | Build | House |
| 4:41 | Create | Villager (Male) |
| 5:10 | Create | Villager (Male) |
| 5:10 | Create | Villager (Male) |
| 5:11 | Create | Villager (Male) |
| 5:15 | Build | Lumber Camp |
| 5:47 | Build | House |
| 5:54 | Create | Villager (Male) |
| 6:27 | Create | Villager (Male) |
| 6:27 | Create | Villager (Male) |
| 6:27 | Create | Villager (Male) |
| 6:43 | Create | Villager (Male) |
| 7:03 | Build | Mining Camp |
| 7:26 | Create | Villager (Male) |
| 7:55 | Create | Villager (Male) |
| 8:19 | Create | Villager (Male) |
| 8:52 | Research | Feudal Age |
| 8:52 | Research | Feudal Age |
| 9:14 | Build | House |
| 10:10 | Build | Barracks |
| 10:36 | Build | Palisade Wall |
| 10:46 | Create | Villager (Male) |
| 11:02 | Age | Feudal Age |
| 11:10 | Build | Blacksmith |
| 11:24 | Create | Villager (Male) |
| 11:48 | Create | Villager (Male) |
| 11:53 | Build | Mill |
| 12:07 | Build | Mill |
| 12:08 | Create | Villager (Male) |
| 12:19 | Create | Militia |
| 12:19 | Create | Militia |
| 12:21 | Create | Militia |
| 12:23 | Research | Forging |
| 12:23 | Research | Scale Mail Armor |
| 12:29 | Build | House |
| 12:40 | Create | Villager (Male) |
| 12:57 | Create | Militia |
| 13:05 | Build | Farm |
| 13:16 | Create | Villager (Male) |
| 13:43 | Create | Villager (Male) |
| 13:45 | Build | Farm |
| 13:46 | Create | Villager (Male) |
| 13:49 | Build | House |
| 13:50 | Build | House |
| 13:52 | Create | Villager (Male) |
| 14:10 | Create | Villager (Male) |
| 14:13 | Build | Farm |
| 14:40 | Create | Villager (Male) |
| 14:45 | Build | Farm |
| 14:46 | Build | Farm |
| 14:49 | Build | House |
| 15:01 | Create | Villager (Male) |
| 15:07 | Build | Farm |
| 15:18 | Build | House |
| 15:19 | Build | House |
| 15:31 | Create | Villager (Male) |
| 15:53 | Build | Farm |
| 16:01 | Create | Villager (Male) |
| 16:17 | Create | Villager (Male) |
| 16:48 | Create | Villager (Male) |
| 16:54 | Research | Double-Bit Axe |
| 16:54 | Research | Double-Bit Axe |
| 17:16 | Create | Villager (Male) |
| 17:24 | Build | House |
| 17:47 | Create | Villager (Male) |
| 17:49 | Build | Market |
| 18:20 | Research | Castle Age |
| 18:20 | Research | Castle Age |
| 18:28 | Build | Mining Camp |
| 18:30 | Build | House |
| 19:35 | Research | Horse Collar |
| 19:37 | Research | Gold Mining |
| 19:38 | Research | Stone Mining |
| 19:38 | Research | Stone Mining |
| 19:38 | Research | Stone Mining |
| 20:33 | Create | Villager (Male) |
| 20:56 | Build | Lumber Camp |
| 21:00 | Age | Castle Age |
| 21:02 | Create | Villager (Male) |
| 21:08 | Build | Krepost |
| 21:10 | Create | Villager (Male) |
| 21:17 | Build | Siege Workshop |
| 21:22 | Research | Bow Saw |
| 21:22 | Research | Heavy Plow |
| 21:22 | Research | Heavy Plow |
| 21:30 | Build | Town Center |
| 22:08 | Create | Scorpion |
| 22:10 | Create | Scorpion |
| 22:12 | Create | Villager (Male) |
| 22:42 | Create | Scorpion |
| 22:43 | Create | Villager (Male) |
| 22:43 | Create | Villager (Male) |
| 22:44 | Create | Villager (Male) |
| 22:44 | Create | Villager (Male) |
| 22:54 | Create | Villager (Male) |
| 23:13 | Create | Mangonel |
| 23:16 | Create | Villager (Male) |
| 23:19 | Build | Farm |
| 23:39 | Create | Villager (Male) |
| 23:52 | Create | Villager (Male) |
| 23:52 | Create | Villager (Male) |
| 24:07 | Create | Villager (Male) |
| 24:26 | Build | Farm |
| 24:28 | Create | Villager (Male) |
| 24:28 | Create | Villager (Male) |
| 24:45 | Create | Villager (Male) |
| 24:45 | Create | Villager (Male) |
| 24:56 | Create | Villager (Male) |
| 25:10 | Build | Farm |
| 25:11 | Build | Farm |
| 25:13 | Build | Farm |
| 25:16 | Build | Farm |
| 25:50 | Create | Mangonel |
| 25:51 | Create | Mangonel |
| 25:51 | Create | Mangonel |
| 25:54 | Create | Konnik |
Build order — Mr.stealyoBoar
First 150 of 359 actions detected
| 0:00 | Create | Villager (Male) |
| 0:01 | Create | Villager (Male) |
| 0:02 | Build | House |
| 0:04 | Build | House |
| 0:30 | Create | Villager (Male) |
| 0:31 | Create | Villager (Male) |
| 1:37 | Create | Villager (Male) |
| 2:02 | Build | Lumber Camp |
| 2:07 | Create | Villager (Male) |
| 2:21 | Create | Villager (Male) |
| 2:52 | Research | Double-Bit Axe |
| 3:06 | Create | Villager (Male) |
| 3:29 | Create | Villager (Male) |
| 3:35 | Build | House |
| 3:55 | Create | Villager (Male) |
| 4:00 | Build | House |
| 4:23 | Research | Loom |
| 4:41 | Create | Villager (Male) |
| 5:01 | Create | Villager (Male) |
| 5:21 | Create | Villager (Male) |
| 6:08 | Create | Villager (Male) |
| 6:08 | Create | Villager (Male) |
| 6:16 | Create | Villager (Male) |
| 6:37 | Build | Mill |
| 7:19 | Create | Villager (Male) |
| 7:48 | Create | Villager (Male) |
| 7:48 | Create | Villager (Male) |
| 8:05 | Build | House |
| 8:06 | Build | House |
| 8:41 | Create | Villager (Male) |
| 8:41 | Create | Villager (Male) |
| 8:51 | Create | Villager (Male) |
| 8:52 | Create | Villager (Male) |
| 9:14 | Build | Mill |
| 9:36 | Build | Mining Camp |
| 9:40 | Research | Feudal Age |
| 10:52 | Research | Horse Collar |
| 11:27 | Build | Farm |
| 11:27 | Build | Farm |
| 11:28 | Build | Farm |
| 11:28 | Build | Farm |
| 11:30 | Build | Farm |
| 11:30 | Build | Farm |
| 11:33 | Build | Farm |
| 11:33 | Build | Farm |
| 11:42 | Create | Villager (Male) |
| 11:42 | Create | Villager (Male) |
| 12:31 | Age | Feudal Age |
| 12:39 | Build | Market |
| 12:45 | Build | Blacksmith |
| 13:42 | Research | Castle Age |
| 13:50 | Build | House |
| 13:51 | Build | House |
| 13:52 | Build | House |
| 13:54 | Build | House |
| 14:12 | Research | Bow Saw |
| 16:01 | Create | Villager (Male) |
| 16:02 | Create | Villager (Male) |
| 16:22 | Age | Castle Age |
| 16:26 | Build | Town Center |
| 16:33 | Build | Town Center |
| 16:37 | Create | Villager (Male) |
| 16:48 | Research | Heavy Plow |
| 16:59 | Build | Farm |
| 17:14 | Create | Villager (Male) |
| 17:15 | Create | Villager (Male) |
| 17:24 | Build | Farm |
| 17:46 | Create | Villager (Male) |
| 17:47 | Create | Villager (Male) |
| 17:51 | Build | House |
| 17:53 | Build | House |
| 17:54 | Build | House |
| 18:00 | Create | Villager (Male) |
| 18:01 | Create | Villager (Male) |
| 18:01 | Create | Villager (Male) |
| 18:05 | Build | Farm |
| 18:10 | Create | Villager (Male) |
| 18:11 | Create | Villager (Male) |
| 18:11 | Create | Villager (Male) |
| 19:01 | Build | Town Center |
| 19:06 | Create | Villager (Male) |
| 19:06 | Create | Villager (Male) |
| 19:06 | Create | Villager (Male) |
| 19:19 | Build | Farm |
| 19:19 | Build | Farm |
| 19:31 | Create | Villager (Male) |
| 19:32 | Create | Villager (Male) |
| 19:32 | Create | Villager (Male) |
| 19:48 | Build | Farm |
| 19:49 | Create | Villager (Male) |
| 19:49 | Create | Villager (Male) |
| 19:50 | Create | Villager (Male) |
| 19:54 | Build | Farm |
| 19:56 | Build | Farm |
| 19:57 | Create | Villager (Male) |
| 19:57 | Create | Villager (Male) |
| 19:58 | Create | Villager (Male) |
| 20:02 | Create | Villager (Male) |
| 20:02 | Create | Villager (Male) |
| 20:09 | Create | Villager (Male) |
| 20:09 | Create | Villager (Male) |
| 20:13 | Build | Farm |
| 20:14 | Build | Farm |
| 20:14 | Build | Farm |
| 20:21 | Create | Villager (Male) |
| 20:21 | Create | Villager (Male) |
| 20:36 | Build | House |
| 20:38 | Build | House |
| 20:45 | Create | Villager (Male) |
| 20:45 | Create | Villager (Male) |
| 20:51 | Build | Farm |
| 20:52 | Build | Farm |
| 20:52 | Build | Farm |
| 20:53 | Build | Farm |
| 20:55 | Create | Villager (Male) |
| 20:55 | Create | Villager (Male) |
| 21:02 | Create | Villager (Male) |
| 21:11 | Create | Villager (Male) |
| 21:16 | Create | Trade Cart |
| 21:19 | Build | House |
| 21:20 | Build | House |
| 21:24 | Build | House |
| 21:26 | Build | House |
| 21:27 | Create | Villager (Male) |
| 21:27 | Create | Villager (Male) |
| 21:36 | Create | Villager (Male) |
| 21:37 | Create | Villager (Male) |
| 21:44 | Build | Farm |
| 21:45 | Build | Farm |
| 21:45 | Build | Farm |
| 21:45 | Build | Farm |
| 21:46 | Build | Farm |
| 21:46 | Build | Farm |
| 21:57 | Build | Monastery |
| 21:58 | Create | Villager (Male) |
| 21:59 | Create | Villager (Male) |
| 21:59 | Create | Villager (Male) |
| 22:09 | Create | Villager (Male) |
| 22:09 | Create | Villager (Male) |
| 22:20 | Build | University |
| 22:23 | Create | Villager (Male) |
| 22:24 | Create | Villager (Male) |
| 22:30 | Create | Villager (Male) |
| 22:46 | Research | Wheelbarrow |
| 22:56 | Build | Farm |
| 22:56 | Build | Farm |
| 22:56 | Build | Farm |
| 22:57 | Build | Farm |
| 22:57 | Build | Farm |
| 22:57 | Build | Farm |
Build order — Iam_Toretto
First 150 of 389 actions detected
| 0:01 | Create | Villager (Male) |
| 0:03 | Create | Villager (Male) |
| 0:16 | Create | Villager (Male) |
| 0:16 | Create | Villager (Male) |
| 1:12 | Create | Villager (Male) |
| 1:45 | Build | Lumber Camp |
| 1:48 | Create | Villager (Male) |
| 2:22 | Create | Villager (Male) |
| 2:22 | Create | Villager (Male) |
| 3:02 | Create | Villager (Male) |
| 3:03 | Create | Villager (Male) |
| 3:22 | Create | Villager (Male) |
| 3:53 | Create | Villager (Male) |
| 4:15 | Create | Villager (Male) |
| 4:46 | Create | Villager (Male) |
| 5:10 | Build | Mill |
| 5:14 | Create | Villager (Male) |
| 5:15 | Create | Villager (Male) |
| 5:39 | Create | Villager (Male) |
| 6:07 | Create | Villager (Male) |
| 6:34 | Create | Villager (Male) |
| 6:35 | Create | Villager (Male) |
| 6:45 | Build | Farm |
| 6:49 | Research | Loom |
| 6:51 | Build | Farm |
| 6:54 | Build | Farm |
| 6:59 | Create | Villager (Male) |
| 7:48 | Create | Villager (Male) |
| 8:09 | Create | Villager (Male) |
| 8:25 | Create | Villager (Male) |
| 8:54 | Build | Mill |
| 8:59 | Create | Villager (Male) |
| 9:02 | Build | Farm |
| 9:15 | Build | Mining Camp |
| 9:20 | Build | Farm |
| 9:38 | Research | Feudal Age |
| 9:38 | Research | Feudal Age |
| 10:47 | Create | Villager (Male) |
| 10:53 | Build | Farm |
| 11:48 | Age | Feudal Age |
| 11:55 | Build | Market |
| 12:00 | Build | Blacksmith |
| 12:05 | Create | Villager (Male) |
| 12:05 | Create | Villager (Male) |
| 12:56 | Research | Castle Age |
| 12:56 | Research | Castle Age |
| 13:11 | Build | Lumber Camp |
| 13:18 | Research | Double-Bit Axe |
| 13:18 | Research | Double-Bit Axe |
| 13:34 | Research | Horse Collar |
| 13:55 | Build | Farm |
| 14:17 | Research | Gold Mining |
| 15:16 | Research | Wheelbarrow |
| 15:43 | Age | Castle Age |
| 15:50 | Build | Town Center |
| 15:59 | Research | Bow Saw |
| 15:59 | Research | Bow Saw |
| 16:28 | Create | Villager (Male) |
| 16:45 | Build | Town Center |
| 16:59 | Create | Villager (Male) |
| 17:00 | Create | Villager (Male) |
| 17:01 | Build | Farm |
| 17:17 | Create | Villager (Male) |
| 17:21 | Create | Villager (Male) |
| 17:26 | Build | Farm |
| 17:44 | Build | Farm |
| 17:45 | Create | Villager (Male) |
| 17:45 | Create | Villager (Male) |
| 17:54 | Create | Villager (Male) |
| 18:05 | Build | Farm |
| 18:11 | Create | Villager (Male) |
| 18:13 | Create | Villager (Male) |
| 18:14 | Create | Villager (Male) |
| 18:16 | Create | Villager (Male) |
| 18:19 | Build | Farm |
| 18:23 | Create | Villager (Male) |
| 18:26 | Create | Villager (Male) |
| 18:35 | Create | Villager (Male) |
| 18:37 | Build | Farm |
| 18:47 | Create | Villager (Male) |
| 18:48 | Create | Villager (Male) |
| 18:52 | Build | Farm |
| 18:53 | Research | Loom |
| 18:56 | Build | Farm |
| 19:00 | Create | Villager (Male) |
| 19:02 | Create | Villager (Male) |
| 19:03 | Create | Villager (Male) |
| 19:14 | Create | Villager (Male) |
| 19:29 | Create | Villager (Male) |
| 19:30 | Create | Villager (Male) |
| 19:31 | Create | Villager (Male) |
| 19:46 | Build | Town Center |
| 19:55 | Create | Villager (Male) |
| 19:56 | Create | Villager (Male) |
| 20:21 | Build | Town Center |
| 20:23 | Create | Villager (Male) |
| 20:28 | Build | Farm |
| 20:40 | Create | Villager (Male) |
| 20:44 | Create | Villager (Male) |
| 20:45 | Create | Villager (Male) |
| 20:46 | Create | Villager (Male) |
| 20:49 | Build | Farm |
| 20:50 | Build | Farm |
| 20:55 | Build | Farm |
| 20:56 | Build | Farm |
| 21:04 | Create | Villager (Male) |
| 21:06 | Create | Villager (Male) |
| 21:08 | Create | Villager (Male) |
| 21:12 | Build | Farm |
| 21:13 | Build | Farm |
| 21:14 | Build | Farm |
| 21:19 | Create | Villager (Male) |
| 21:20 | Create | Villager (Male) |
| 21:21 | Create | Villager (Male) |
| 21:25 | Build | Farm |
| 21:28 | Build | Farm |
| 21:30 | Build | Farm |
| 21:32 | Build | Farm |
| 21:35 | Create | Villager (Male) |
| 21:36 | Create | Villager (Male) |
| 21:39 | Build | Farm |
| 21:40 | Build | Farm |
| 21:42 | Create | Villager (Male) |
| 21:47 | Build | Farm |
| 21:48 | Create | Villager (Male) |
| 21:55 | Create | Villager (Male) |
| 21:58 | Build | Farm |
| 22:00 | Build | Farm |
| 22:05 | Build | Farm |
| 22:06 | Create | Villager (Male) |
| 22:13 | Create | Villager (Male) |
| 22:13 | Create | Villager (Male) |
| 22:20 | Build | Farm |
| 22:21 | Build | Farm |
| 22:22 | Build | Farm |
| 22:23 | Build | Farm |
| 22:26 | Build | Farm |
| 22:27 | Create | Villager (Male) |
| 22:28 | Create | Villager (Male) |
| 22:29 | Create | Villager (Male) |
| 22:32 | Create | Villager (Male) |
| 22:34 | Create | Villager (Male) |
| 22:35 | Create | Villager (Male) |
| 22:41 | Create | Villager (Male) |
| 22:42 | Create | Villager (Male) |
| 22:43 | Create | Villager (Male) |
| 22:49 | Create | Villager (Male) |
| 22:52 | Create | Villager (Male) |
| 22:56 | Build | Farm |
| 22:57 | Build | Farm |
Build order — AML4554
First 150 of 522 actions detected
| 0:02 | Create | Villager (Male) |
| 0:02 | Create | Villager (Male) |
| 0:02 | Create | Villager (Male) |
| 0:02 | Create | Villager (Male) |
| 0:02 | Create | Villager (Male) |
| 0:04 | Build | House |
| 0:06 | Build | House |
| 1:26 | Create | Villager (Male) |
| 1:27 | Create | Villager (Male) |
| 1:57 | Create | Villager (Male) |
| 1:57 | Create | Villager (Male) |
| 2:15 | Create | Villager (Male) |
| 2:15 | Create | Villager (Male) |
| 2:22 | Build | Lumber Camp |
| 2:58 | Create | Villager (Male) |
| 2:58 | Create | Villager (Male) |
| 3:56 | Create | Villager (Male) |
| 3:56 | Create | Villager (Male) |
| 3:56 | Create | Villager (Male) |
| 4:19 | Build | House |
| 4:32 | Create | Villager (Male) |
| 4:32 | Create | Villager (Male) |
| 4:58 | Research | Loom |
| 5:15 | Create | Villager (Male) |
| 5:15 | Create | Villager (Male) |
| 5:19 | Build | House |
| 6:26 | Create | Villager (Male) |
| 6:26 | Create | Villager (Male) |
| 6:54 | Create | Villager (Male) |
| 6:55 | Create | Villager (Male) |
| 7:06 | Build | Mill |
| 7:12 | Create | Villager (Male) |
| 7:44 | Create | Villager (Male) |
| 8:31 | Research | Feudal Age |
| 9:00 | Build | Mining Camp |
| 10:04 | Build | House |
| 11:06 | Age | Feudal Age |
| 11:10 | Create | Villager (Male) |
| 11:10 | Create | Villager (Male) |
| 11:19 | Build | Blacksmith |
| 11:23 | Build | Market |
| 12:12 | Research | Castle Age |
| 12:25 | Research | Double-Bit Axe |
| 13:08 | Research | Horse Collar |
| 13:12 | Build | Farm |
| 13:15 | Build | Farm |
| 13:18 | Build | Farm |
| 13:22 | Build | Farm |
| 13:26 | Build | Farm |
| 13:30 | Build | Farm |
| 14:00 | Build | Farm |
| 14:03 | Build | Farm |
| 14:06 | Build | Farm |
| 14:12 | Build | Farm |
| 14:24 | Create | Villager (Male) |
| 14:25 | Create | Villager (Male) |
| 14:52 | Age | Castle Age |
| 14:56 | Build | Town Center |
| 15:00 | Create | Villager (Male) |
| 15:20 | Create | Villager (Male) |
| 15:29 | Build | Town Center |
| 16:00 | Create | Villager (Male) |
| 16:00 | Create | Villager (Male) |
| 16:05 | Build | House |
| 16:07 | Build | House |
| 16:15 | Create | Villager (Male) |
| 16:15 | Create | Villager (Male) |
| 16:24 | Create | Villager (Male) |
| 16:24 | Create | Villager (Male) |
| 16:35 | Build | House |
| 16:40 | Build | Palisade Wall |
| 17:06 | Create | Villager (Male) |
| 17:06 | Create | Villager (Male) |
| 17:15 | Create | Villager (Male) |
| 17:15 | Create | Villager (Male) |
| 17:22 | Build | Farm |
| 17:23 | Build | Farm |
| 17:24 | Build | Farm |
| 17:31 | Build | Farm |
| 17:32 | Build | Farm |
| 17:33 | Build | Farm |
| 17:42 | Create | Villager (Male) |
| 17:42 | Create | Villager (Male) |
| 17:51 | Create | Villager (Male) |
| 17:51 | Create | Villager (Male) |
| 18:00 | Build | House |
| 18:07 | Build | House |
| 18:08 | Build | House |
| 18:11 | Create | Villager (Male) |
| 18:12 | Create | Villager (Male) |
| 18:21 | Build | Farm |
| 18:21 | Build | Farm |
| 18:22 | Build | Farm |
| 18:22 | Build | Farm |
| 18:22 | Build | Farm |
| 18:25 | Create | Villager (Male) |
| 18:26 | Create | Villager (Male) |
| 18:26 | Create | Villager (Male) |
| 18:26 | Create | Villager (Male) |
| 18:57 | Build | House |
| 19:14 | Build | Farm |
| 19:14 | Build | Farm |
| 19:14 | Build | Farm |
| 19:15 | Build | Farm |
| 19:15 | Build | Farm |
| 19:16 | Create | Villager (Male) |
| 19:17 | Create | Villager (Male) |
| 19:17 | Create | Villager (Male) |
| 19:17 | Create | Villager (Male) |
| 19:24 | Create | Villager (Male) |
| 19:24 | Create | Villager (Male) |
| 19:24 | Create | Villager (Male) |
| 19:32 | Create | Villager (Male) |
| 19:32 | Create | Villager (Male) |
| 19:58 | Research | Wheelbarrow |
| 20:07 | Create | Villager (Male) |
| 20:07 | Create | Villager (Male) |
| 20:12 | Build | Farm |
| 20:26 | Create | Villager (Male) |
| 20:26 | Create | Villager (Male) |
| 20:38 | Build | Town Center |
| 20:40 | Create | Villager (Male) |
| 20:40 | Create | Villager (Male) |
| 21:06 | Create | Villager (Male) |
| 21:06 | Create | Villager (Male) |
| 21:10 | Research | Bow Saw |
| 21:12 | Research | Heavy Plow |
| 21:13 | Create | Villager (Male) |
| 21:13 | Create | Villager (Male) |
| 21:20 | Build | House |
| 21:20 | Build | House |
| 21:22 | Build | House |
| 21:24 | Create | Villager (Male) |
| 21:24 | Create | Villager (Male) |
| 21:39 | Create | Villager (Male) |
| 21:40 | Create | Villager (Male) |
| 21:45 | Create | Villager (Male) |
| 21:45 | Create | Villager (Male) |
| 21:56 | Build | House |
| 21:56 | Build | House |
| 21:58 | Build | House |
| 22:00 | Create | Villager (Male) |
| 22:00 | Create | Villager (Male) |
| 22:15 | Research | Stone Mining |
| 22:20 | Build | House |
| 22:20 | Build | House |
| 22:22 | Build | House |
| 22:24 | Create | Villager (Male) |
| 22:24 | Create | Villager (Male) |
| 22:33 | Create | Villager (Male) |
Build order — Baysal
First 150 of 558 actions detected
| 0:03 | Create | Villager (Male) |
| 0:03 | Create | Villager (Male) |
| 0:05 | Build | House |
| 0:06 | Build | House |
| 0:22 | Create | Villager (Male) |
| 0:32 | Create | Villager (Male) |
| 0:32 | Create | Villager (Male) |
| 1:21 | Create | Villager (Male) |
| 1:21 | Create | Villager (Male) |
| 1:21 | Create | Villager (Male) |
| 1:48 | Build | Lumber Camp |
| 1:49 | Create | Villager (Male) |
| 1:50 | Create | Villager (Male) |
| 2:07 | Create | Villager (Male) |
| 2:31 | Create | Villager (Male) |
| 2:31 | Create | Villager (Male) |
| 2:43 | Create | Villager (Male) |
| 2:43 | Create | Villager (Male) |
| 3:01 | Build | Palisade Wall |
| 3:13 | Create | Villager (Male) |
| 3:13 | Create | Villager (Male) |
| 3:22 | Create | Villager (Male) |
| 4:02 | Build | House |
| 4:04 | Create | Villager (Male) |
| 4:38 | Research | Loom |
| 4:44 | Create | Villager (Male) |
| 5:15 | Build | Mill |
| 5:30 | Build | House |
| 5:44 | Create | Villager (Male) |
| 5:58 | Build | Palisade Wall |
| 6:00 | Create | Villager (Male) |
| 6:40 | Create | Villager (Male) |
| 6:51 | Create | Villager (Male) |
| 7:36 | Create | Villager (Male) |
| 7:45 | Create | Villager (Male) |
| 7:51 | Build | Mill |
| 8:17 | Create | Villager (Male) |
| 8:32 | Create | Villager (Male) |
| 8:57 | Build | Mining Camp |
| 9:01 | Create | Villager (Male) |
| 9:17 | Build | Palisade Gate |
| 9:21 | Research | Feudal Age |
| 9:25 | Build | Mining Camp |
| 9:53 | Build | House |
| 10:05 | Create | Villager (Male) |
| 10:05 | Create | Villager (Male) |
| 11:32 | Age | Feudal Age |
| 11:40 | Build | Gate |
| 11:46 | Build | Stone Wall |
| 11:48 | Build | Stone Wall |
| 11:52 | Build | Market |
| 11:55 | Build | Blacksmith |
| 12:19 | Create | Villager (Male) |
| 12:47 | Research | Castle Age |
| 13:06 | Research | Double-Bit Axe |
| 13:09 | Research | Horse Collar |
| 14:25 | Build | Farm |
| 14:26 | Build | Farm |
| 14:27 | Build | Farm |
| 15:08 | Build | Outpost |
| 15:27 | Age | Castle Age |
| 15:31 | Build | Town Center |
| 15:44 | Build | Town Center |
| 15:47 | Create | Villager (Male) |
| 15:48 | Create | Villager (Male) |
| 16:01 | Build | Outpost |
| 16:18 | Build | Farm |
| 16:24 | Build | Farm |
| 16:26 | Build | Farm |
| 16:27 | Create | Villager (Male) |
| 16:50 | Build | Farm |
| 16:53 | Build | House |
| 17:08 | Create | Villager (Male) |
| 17:08 | Create | Villager (Male) |
| 17:11 | Build | Farm |
| 17:12 | Build | Farm |
| 17:12 | Build | Farm |
| 17:12 | Build | Farm |
| 17:24 | Build | Farm |
| 17:25 | Create | Villager (Male) |
| 17:59 | Create | Villager (Male) |
| 17:59 | Create | Villager (Male) |
| 18:11 | Create | Villager (Male) |
| 18:14 | Build | House |
| 18:17 | Build | Farm |
| 18:20 | Build | Farm |
| 18:21 | Create | Villager (Male) |
| 18:43 | Build | House |
| 18:45 | Create | Villager (Male) |
| 18:53 | Create | Villager (Male) |
| 18:53 | Create | Villager (Male) |
| 18:54 | Create | Villager (Male) |
| 18:54 | Create | Villager (Male) |
| 18:55 | Create | Villager (Male) |
| 19:00 | Build | Castle |
| 19:08 | Build | Farm |
| 19:12 | Create | Villager (Male) |
| 19:16 | Build | Farm |
| 19:27 | Build | Farm |
| 19:29 | Build | House |
| 19:31 | Create | Villager (Male) |
| 19:32 | Create | Villager (Male) |
| 19:37 | Research | Bow Saw |
| 19:37 | Research | Bow Saw |
| 19:47 | Research | Wheelbarrow |
| 19:47 | Research | Wheelbarrow |
| 19:59 | Create | Villager (Male) |
| 19:59 | Create | Villager (Male) |
| 20:07 | Build | Farm |
| 20:08 | Create | Villager (Male) |
| 20:08 | Create | Villager (Male) |
| 20:14 | Build | House |
| 20:16 | Build | Farm |
| 20:28 | Create | Villager (Male) |
| 20:30 | Create | Longbowman |
| 20:39 | Create | Villager (Male) |
| 20:39 | Create | Villager (Male) |
| 20:47 | Build | Monastery |
| 20:49 | Create | Villager (Male) |
| 20:58 | Create | Longbowman |
| 21:02 | Build | House |
| 21:03 | Build | House |
| 21:09 | Create | Villager (Male) |
| 21:15 | Build | Farm |
| 21:17 | Create | Villager (Male) |
| 21:17 | Create | Villager (Male) |
| 21:18 | Create | Villager (Male) |
| 21:19 | Create | Longbowman |
| 21:31 | Create | Villager (Male) |
| 21:31 | Create | Villager (Male) |
| 21:33 | Create | Monk |
| 21:35 | Build | House |
| 21:36 | Build | House |
| 21:38 | Create | Villager (Male) |
| 21:41 | Build | Farm |
| 21:43 | Build | Farm |
| 21:55 | Create | Longbowman |
| 21:56 | Create | Longbowman |
| 21:56 | Create | Longbowman |
| 22:05 | Build | Farm |
| 22:07 | Build | Farm |
| 22:10 | Build | Farm |
| 22:11 | Create | Villager (Male) |
| 22:11 | Create | Villager (Male) |
| 22:11 | Create | Villager (Male) |
| 22:14 | Build | House |
| 22:20 | Build | Farm |
| 22:22 | Create | Villager (Male) |
| 22:22 | Create | Villager (Male) |
| 22:22 | Create | Villager (Male) |
Build order — KIV.4dd44
First 150 of 443 actions detected
| 0:02 | Create | Villager (Male) |
| 0:03 | Build | House |
| 0:03 | Build | House |
| 0:13 | Create | Villager (Male) |
| 0:21 | Create | Villager (Male) |
| 0:21 | Create | Villager (Male) |
| 0:21 | Create | Villager (Male) |
| 0:22 | Create | Villager (Male) |
| 0:26 | Research | Loom |
| 0:28 | Create | Villager (Male) ×2 |
| 0:33 | Research | Loom |
| 0:42 | Create | Villager (Male) ×2 |
| 0:42 | Create | Villager (Male) ×2 |
| 0:52 | Build | Palisade Wall |
| 1:32 | Build | Lumber Camp |
| 2:05 | Create | Villager (Male) |
| 2:05 | Create | Villager (Male) |
| 2:05 | Create | Villager (Male) |
| 2:37 | Create | Villager (Male) |
| 2:37 | Create | Villager (Male) |
| 2:37 | Create | Villager (Male) |
| 3:06 | Create | Villager (Male) |
| 3:06 | Create | Villager (Male) |
| 3:48 | Create | Villager (Male) |
| 4:15 | Create | Villager (Male) |
| 4:24 | Build | House |
| 4:25 | Build | House |
| 4:27 | Build | House |
| 4:48 | Create | Villager (Male) |
| 4:48 | Create | Villager (Male) |
| 4:48 | Create | Villager (Male) |
| 5:01 | Create | Villager (Male) |
| 5:01 | Create | Villager (Male) |
| 5:09 | Build | House |
| 5:16 | Create | Villager (Male) |
| 6:07 | Create | Villager (Male) ×2 |
| 6:31 | Create | Villager (Male) |
| 6:31 | Create | Villager (Male) |
| 6:31 | Create | Villager (Male) |
| 6:34 | Build | Mill |
| 6:38 | Build | Mill |
| 6:46 | Create | Villager (Male) |
| 7:27 | Build | House |
| 7:32 | Build | House |
| 7:39 | Create | Villager (Male) |
| 7:50 | Create | Villager (Male) |
| 7:51 | Create | Villager (Male) |
| 8:03 | Build | Palisade Gate |
| 8:09 | Build | Palisade Wall |
| 8:13 | Build | Palisade Wall |
| 8:17 | Build | Palisade Gate |
| 8:22 | Build | Palisade Wall |
| 8:31 | Create | Villager (Male) |
| 9:13 | Create | Villager (Male) |
| 9:40 | Build | Mining Camp |
| 10:02 | Create | Villager (Male) |
| 10:29 | Research | Feudal Age |
| 11:09 | Create | Villager (Male) |
| 11:10 | Create | Villager (Male) |
| 12:39 | Age | Feudal Age |
| 12:40 | Build | Blacksmith |
| 12:42 | Build | Market |
| 13:37 | Research | Castle Age |
| 13:44 | Build | Stone Wall |
| 13:47 | Build | Outpost |
| 14:03 | Build | Outpost |
| 14:23 | Research | Double-Bit Axe |
| 14:25 | Research | Horse Collar |
| 15:15 | Build | Mining Camp |
| 15:44 | Create | Villager (Male) |
| 15:49 | Build | House |
| 15:51 | Build | House |
| 16:17 | Age | Castle Age |
| 16:22 | Research | Bow Saw |
| 16:25 | Research | Heavy Plow |
| 16:34 | Build | Town Center |
| 16:42 | Create | Villager (Male) |
| 16:52 | Create | Villager (Male) |
| 16:56 | Build | Monastery |
| 17:00 | Research | Wheelbarrow |
| 17:34 | Build | Town Center |
| 17:35 | Create | Villager (Male) |
| 17:42 | Create | Monk |
| 17:47 | Build | Farm |
| 17:48 | Build | Farm |
| 17:50 | Build | Farm |
| 17:52 | Build | Farm |
| 17:54 | Build | Farm |
| 17:57 | Build | Farm |
| 18:03 | Build | Farm |
| 18:13 | Build | Farm |
| 18:28 | Build | Farm |
| 18:32 | Build | Farm |
| 18:35 | Build | Farm |
| 18:40 | Create | Villager (Male) |
| 18:40 | Create | Villager (Male) |
| 18:43 | Create | Villager (Male) |
| 18:44 | Create | Villager (Male) |
| 19:00 | Build | Farm |
| 19:04 | Build | Farm |
| 19:08 | Build | Farm |
| 19:10 | Build | Farm |
| 19:15 | Create | Villager (Male) |
| 19:15 | Create | Villager (Male) ×2 |
| 19:16 | Create | Villager (Male) |
| 19:18 | Create | Villager (Male) ×2 |
| 19:23 | Build | Farm |
| 19:24 | Create | Villager (Male) |
| 19:36 | Create | Villager (Male) |
| 19:36 | Create | Villager (Male) |
| 19:39 | Build | Farm |
| 19:51 | Create | Villager (Male) |
| 19:57 | Build | Farm |
| 19:59 | Build | Farm |
| 20:01 | Build | Farm |
| 20:01 | Create | Villager (Male) |
| 20:05 | Build | Farm |
| 20:05 | Create | Villager (Male) ×2 |
| 20:08 | Build | Farm |
| 20:16 | Build | Farm |
| 20:20 | Build | Farm |
| 20:22 | Create | Villager (Male) |
| 20:27 | Create | Villager (Male) |
| 20:31 | Build | Farm |
| 20:35 | Create | Villager (Male) |
| 20:48 | Build | Farm |
| 20:48 | Create | Villager (Male) ×2 |
| 20:49 | Create | Villager (Male) ×2 |
| 20:51 | Build | Farm |
| 20:55 | Build | House |
| 21:01 | Create | Villager (Male) ×2 |
| 21:02 | Create | Villager (Male) ×2 |
| 21:08 | Create | Villager (Male) |
| 21:11 | Build | Farm |
| 21:15 | Build | Farm |
| 21:16 | Create | Villager (Male) |
| 21:22 | Create | Villager (Male) |
| 21:22 | Create | Villager (Male) |
| 21:23 | Create | Villager (Male) |
| 21:27 | Create | Villager (Male) |
| 21:27 | Create | Villager (Male) |
| 21:35 | Build | Farm |
| 21:36 | Build | Farm |
| 21:37 | Build | Farm |
| 21:38 | Build | Mill |
| 21:41 | Build | Farm |
| 21:43 | Create | Villager (Male) ×3 |
| 21:51 | Create | Villager (Male) ×2 |
| 21:54 | Build | Mill |
| 21:56 | Create | Villager (Male) |
Build order — joe08957
First 150 of 527 actions detected
| 0:02 | Create | Villager (Male) |
| 0:02 | Create | Villager (Male) |
| 0:02 | Create | Villager (Male) |
| 0:03 | Create | Villager (Male) |
| 0:03 | Create | Villager (Male) |
| 0:04 | Build | House |
| 0:06 | Build | House |
| 1:28 | Create | Villager (Male) |
| 1:28 | Create | Villager (Male) |
| 1:47 | Build | Lumber Camp |
| 2:02 | Create | Villager (Male) |
| 2:02 | Create | Villager (Male) |
| 2:21 | Create | Villager (Male) |
| 2:22 | Create | Villager (Male) |
| 2:50 | Create | Villager (Male) |
| 2:50 | Create | Villager (Male) |
| 3:06 | Create | Villager (Male) |
| 3:06 | Create | Villager (Male) |
| 3:12 | Build | House |
| 3:17 | Build | House |
| 3:38 | Create | Villager (Male) |
| 3:38 | Create | Villager (Male) |
| 4:07 | Create | Villager (Male) |
| 4:08 | Create | Villager (Male) |
| 4:32 | Create | Villager (Male) |
| 4:32 | Create | Villager (Male) |
| 4:55 | Create | Villager (Male) |
| 4:55 | Create | Villager (Male) |
| 4:57 | Create | Villager (Male) |
| 4:57 | Create | Villager (Male) |
| 5:47 | Build | Mill |
| 5:49 | Create | Villager (Male) |
| 5:49 | Create | Villager (Male) |
| 5:56 | Create | Villager (Male) |
| 5:58 | Create | Villager (Male) |
| 6:05 | Research | Loom |
| 6:09 | Create | Villager (Male) |
| 6:24 | Create | Villager (Male) |
| 6:55 | Create | Villager (Male) |
| 7:23 | Create | Villager (Male) |
| 7:24 | Create | Villager (Male) |
| 7:24 | Create | Villager (Male) |
| 8:26 | Build | Mining Camp |
| 8:46 | Build | House |
| 8:53 | Research | Feudal Age |
| 9:21 | Build | Mill |
| 10:15 | Create | Villager (Male) |
| 10:15 | Create | Villager (Male) |
| 11:03 | Age | Feudal Age |
| 11:06 | Build | Market |
| 11:08 | Build | Blacksmith |
| 11:33 | Research | Double-Bit Axe |
| 11:59 | Research | Castle Age |
| 11:59 | Research | Castle Age |
| 12:13 | Build | House |
| 12:14 | Build | House |
| 12:15 | Build | House |
| 12:16 | Build | House |
| 12:20 | Research | Horse Collar |
| 14:39 | Age | Castle Age |
| 14:41 | Create | Villager (Male) |
| 14:45 | Build | Town Center |
| 14:47 | Create | Villager (Male) |
| 14:53 | Build | Town Center |
| 15:07 | Build | Town Center |
| 15:14 | Research | Heavy Plow |
| 15:21 | Build | Farm |
| 15:24 | Create | Villager (Male) |
| 15:43 | Create | Villager (Male) |
| 15:53 | Create | Villager (Male) |
| 15:55 | Build | Farm |
| 16:06 | Build | Farm |
| 16:16 | Create | Villager (Male) |
| 16:17 | Create | Villager (Male) |
| 16:17 | Create | Villager (Male) |
| 16:17 | Create | Villager (Male) |
| 16:21 | Build | Farm |
| 16:23 | Build | Farm |
| 16:27 | Build | Farm |
| 16:34 | Build | Farm |
| 16:36 | Create | Villager (Male) |
| 16:36 | Create | Villager (Male) |
| 16:36 | Create | Villager (Male) |
| 16:55 | Build | Farm |
| 17:01 | Build | Farm |
| 17:04 | Build | Farm |
| 17:07 | Create | Villager (Male) |
| 17:07 | Create | Villager (Male) |
| 17:07 | Create | Villager (Male) |
| 17:17 | Build | Farm |
| 17:23 | Build | Farm |
| 17:27 | Create | Villager (Male) |
| 17:39 | Build | Farm |
| 17:40 | Build | Farm |
| 17:43 | Create | Villager (Male) |
| 17:43 | Create | Villager (Male) |
| 17:55 | Create | Villager (Male) |
| 18:00 | Create | Villager (Male) |
| 18:00 | Create | Villager (Male) |
| 18:00 | Create | Villager (Male) |
| 18:05 | Build | Farm |
| 18:08 | Build | Farm |
| 18:09 | Build | Farm |
| 18:10 | Build | Farm |
| 18:18 | Build | Farm |
| 18:21 | Create | Villager (Male) |
| 18:21 | Create | Villager (Male) |
| 18:21 | Create | Villager (Male) |
| 18:22 | Create | Villager (Male) |
| 18:31 | Create | Villager (Male) |
| 18:31 | Create | Villager (Male) |
| 18:37 | Build | Farm |
| 18:39 | Create | Villager (Male) |
| 18:39 | Create | Villager (Male) |
| 18:41 | Build | Farm |
| 18:47 | Build | Farm |
| 18:49 | Create | Villager (Male) |
| 18:49 | Create | Villager (Male) |
| 18:53 | Build | Farm |
| 18:54 | Create | Villager (Male) |
| 18:55 | Create | Villager (Male) |
| 18:59 | Build | Farm |
| 19:04 | Create | Villager (Male) |
| 19:05 | Create | Villager (Male) |
| 19:17 | Build | Farm |
| 19:18 | Create | Villager (Male) |
| 19:19 | Create | Villager (Male) |
| 19:38 | Create | Villager (Male) |
| 19:38 | Create | Villager (Male) |
| 19:38 | Create | Villager (Male) |
| 19:39 | Create | Villager (Male) |
| 19:44 | Build | Farm |
| 19:44 | Build | Farm |
| 20:03 | Create | Villager (Male) |
| 20:03 | Create | Villager (Male) |
| 20:04 | Create | Villager (Male) |
| 20:04 | Create | Villager (Male) |
| 20:10 | Build | Farm |
| 20:11 | Build | Farm |
| 20:12 | Build | Farm |
| 20:18 | Build | Monastery |
| 20:27 | Build | House |
| 20:28 | Build | House |
| 20:29 | Build | House |
| 20:30 | Build | House |
| 20:31 | Build | House |
| 20:36 | Research | Wheelbarrow |
| 20:37 | Create | Villager (Male) |
| 20:38 | Create | Villager (Male) |
| 20:38 | Create | Villager (Male) |
Build order — Gandalfsen
First 150 of 184 actions detected
| 0:02 | Build | House |
| 0:04 | Build | House |
| 0:05 | Create | Villager (Male) |
| 0:06 | Create | Villager (Male) |
| 0:06 | Create | Villager (Male) |
| 0:06 | Create | Villager (Male) |
| 0:38 | Research | Loom |
| 0:42 | Create | Villager (Male) |
| 0:42 | Create | Villager (Male) |
| 0:42 | Create | Villager (Male) |
| 1:45 | Create | Villager (Male) |
| 1:45 | Create | Villager (Male) |
| 2:41 | Create | Villager (Male) |
| 2:42 | Create | Villager (Male) |
| 3:41 | Create | Villager (Male) |
| 3:41 | Create | Villager (Male) |
| 3:42 | Create | Villager (Male) |
| 3:42 | Create | Villager (Male) |
| 3:45 | Build | Lumber Camp |
| 4:22 | Create | Villager (Male) |
| 4:22 | Create | Villager (Male) |
| 4:40 | Create | Villager (Male) |
| 4:40 | Create | Villager (Male) |
| 5:11 | Build | House |
| 5:55 | Create | Villager (Male) |
| 5:56 | Create | Villager (Male) |
| 5:56 | Create | Villager (Male) |
| 5:59 | Create | Villager (Male) |
| 6:00 | Create | Villager (Male) |
| 6:14 | Create | Villager (Male) |
| 6:14 | Create | Villager (Male) |
| 6:31 | Build | Mill |
| 6:33 | Create | Villager (Male) |
| 6:33 | Create | Villager (Male) |
| 7:19 | Build | Palisade Wall |
| 7:42 | Build | House |
| 8:55 | Research | Feudal Age |
| 8:56 | Research | Feudal Age |
| 9:00 | Build | House |
| 9:13 | Create | Villager (Male) |
| 9:31 | Build | Palisade Wall |
| 9:40 | Build | Palisade Wall |
| 10:08 | Build | Mining Camp |
| 10:58 | Create | Villager (Male) |
| 11:05 | Age | Feudal Age |
| 11:08 | Build | Barracks |
| 11:09 | Create | Villager (Male) |
| 11:32 | Create | Villager (Male) |
| 11:52 | Build | Archery Range |
| 12:28 | Create | Archer |
| 12:35 | Create | Archer |
| 12:54 | Build | Blacksmith |
| 12:56 | Create | Villager (Male) |
| 13:03 | Build | House |
| 13:07 | Create | Archer |
| 13:47 | Create | Archer |
| 15:08 | Create | Archer |
| 15:11 | Build | Farm |
| 15:12 | Build | Farm |
| 15:12 | Build | Farm |
| 15:13 | Build | Farm |
| 15:13 | Build | Farm |
| 15:13 | Build | Farm |
| 15:13 | Build | Farm |
| 15:14 | Build | Farm |
| 15:14 | Build | Farm |
| 15:14 | Build | Farm |
| 15:16 | Create | Villager (Male) |
| 15:22 | Build | House |
| 16:30 | Build | Farm |
| 16:31 | Build | Farm |
| 16:31 | Build | Farm |
| 16:31 | Build | Farm |
| 16:36 | Create | Archer |
| 16:38 | Create | Villager (Male) |
| 16:38 | Create | Villager (Male) |
| 17:06 | Create | Spearman |
| 17:09 | Create | Villager (Male) |
| 17:20 | Create | Archer |
| 17:26 | Build | House |
| 17:38 | Research | Padded Archer Armor |
| 17:39 | Research | Fletching |
| 18:18 | Create | Villager (Male) |
| 18:19 | Build | Farm |
| 18:46 | Build | Farm |
| 19:13 | Research | Castle Age |
| 19:14 | Research | Castle Age |
| 19:30 | Create | Archer |
| 20:21 | Create | Archer |
| 21:01 | Create | Villager (Male) |
| 21:04 | Research | Stone Mining |
| 21:06 | Research | Gold Mining |
| 21:09 | Research | Double-Bit Axe |
| 21:33 | Create | Archer |
| 21:53 | Age | Castle Age |
| 21:55 | Create | Villager (Male) |
| 21:58 | Build | House |
| 22:07 | Build | Town Center |
| 22:18 | Create | Villager (Male) |
| 22:36 | Build | Town Center |
| 22:50 | Create | Villager (Male) |
| 23:09 | Create | Villager (Male) |
| 23:09 | Create | Villager (Male) |
| 23:24 | Build | Siege Workshop |
| 23:30 | Research | Crossbowman (upgrade) |
| 24:05 | Create | Villager (Male) |
| 24:05 | Create | Villager (Male) |
| 24:15 | Build | Mining Camp |
| 24:17 | Create | Mangonel |
| 24:24 | Create | Archer |
| 24:27 | Create | Archer |
| 24:33 | Build | University |
| 24:38 | Create | Villager (Male) |
| 24:38 | Create | Villager (Male) |
| 25:02 | Create | Mangonel |
| 25:17 | Create | Villager (Male) |
| 25:18 | Create | Villager (Male) |
| 25:18 | Create | Villager (Male) |
| 25:45 | Create | Mangonel |
| 26:24 | Create | Villager (Male) |
| 26:24 | Create | Villager (Male) |
| 26:47 | Create | Villager (Male) |
| 26:47 | Create | Villager (Male) |
| 27:00 | Create | Archer |
| 27:12 | Create | Archer |
| 27:24 | Create | Archer |
| 27:27 | Build | House |
| 27:30 | Build | House |
| 28:16 | Create | Archer |
| 28:31 | Create | Archer |
| 28:52 | Research | Ballistics |
| 28:55 | Create | Archer |
| 28:58 | Create | Villager (Male) |
| 29:02 | Build | House |
| 29:03 | Build | House |
| 29:04 | Build | House |
| 29:08 | Research | Wheelbarrow |
| 30:00 | Create | Villager (Male) |
| 30:00 | Create | Villager (Male) |
| 30:29 | Create | Villager (Male) |
| 30:30 | Create | Villager (Male) |
| 30:30 | Create | Villager (Male) |
| 30:38 | Build | Farm |
| 30:38 | Build | Farm |
| 30:39 | Build | Farm |
| 30:39 | Build | Farm |
| 30:39 | Build | Farm |
| 30:40 | Build | Farm |
| 30:40 | Build | Farm |
| 30:40 | Build | Farm |
Match timeline
| 0:52 | KIV.4dd44 · wall_segment Palisade Wall x16 |
| 1:24 | knife · wall_segment Palisade Wall x9 |
| 3:01 | Baysal · wall_segment Palisade Wall x14 |
| 3:39 | knife · wall_segment Palisade Wall x1 |
| 3:40 | knife · wall_segment Palisade Wall x1 |
| 5:58 | Baysal · wall_segment Palisade Wall x3 |
| 7:19 | Gandalfsen · wall_segment Palisade Wall x8 |
| 8:09 | KIV.4dd44 · wall_segment Palisade Wall x1 |
| 8:13 | KIV.4dd44 · wall_segment Palisade Wall x1 |
| 8:22 | KIV.4dd44 · wall_segment Palisade Wall x1 |
| 9:31 | Gandalfsen · wall_segment Palisade Wall x10 |
| 9:40 | Gandalfsen · wall_segment Palisade Wall x10 |
| 10:10 | knife · first_building Barracks |
| 10:36 | knife · wall_segment Palisade Wall x1 |
| 11:02 | knife · age_up feudal |
| 11:03 | joe08957 · age_up feudal |
| 11:05 | Gandalfsen · age_up feudal |
| 11:06 | AML4554 · age_up feudal |
| 11:08 | Gandalfsen · first_building Barracks |
| 11:32 | Baysal · age_up feudal |
| 11:46 | Baysal · wall_segment Stone Wall x9 |
| 11:48 | Iam_Toretto · age_up feudal |
| 11:48 | Baysal · wall_segment Stone Wall x7 |
| 11:52 | Gandalfsen · first_building Archery Range |
| 12:31 | Mr.stealyoBoar · age_up feudal |
| 12:39 | KIV.4dd44 · age_up feudal |
| 13:44 | KIV.4dd44 · wall_segment Stone Wall x11 |
| 14:39 | joe08957 · age_up castle |
| 14:52 | AML4554 · age_up castle |
| 15:27 | Baysal · age_up castle |
| 15:43 | Iam_Toretto · age_up castle |
| 15:56 | Iam_Toretto · first_market_buy 100 wood |
| 16:17 | KIV.4dd44 · age_up castle |
| 16:22 | Mr.stealyoBoar · age_up castle |
| 16:40 | AML4554 · wall_segment Palisade Wall x1 |
| 16:56 | KIV.4dd44 · first_building Monastery |
| 16:58 | KIV.4dd44 · first_market_buy 100 food |
| 17:59 | joe08957 · first_market_buy 100 food |
| 18:49 | Mr.stealyoBoar · first_market_buy 100 wood |
| 19:00 | Baysal · first_building Castle |
| 20:18 | joe08957 · first_building Monastery |
| 20:47 | Baysal · first_building Monastery |
| 21:00 | knife · age_up castle |
| 21:08 | knife · first_building Krepost |
| 21:17 | knife · first_building Siege Workshop |
| 21:53 | Gandalfsen · age_up castle |
| 21:57 | Mr.stealyoBoar · first_building Monastery |
| 23:14 | AML4554 · wall_segment Stone Wall x9 |
| 23:24 | Gandalfsen · first_building Siege Workshop |
| 23:49 | Mr.stealyoBoar · first_building Barracks |
| 23:54 | Iam_Toretto · first_building Monastery |
| 24:20 | AML4554 · first_building Monastery |
| 24:44 | knife · first_market_buy 100 food |
| 24:49 | Iam_Toretto · first_building Barracks |
| 24:59 | KIV.4dd44 · first_market_sell 100 food |
| 25:42 | Iam_Toretto · first_market_sell 100 wood |
| 25:51 | Iam_Toretto · first_building Stable |
| 26:00 | Mr.stealyoBoar · first_building Stable |
| 26:09 | AML4554 · first_building Castle |
| 26:11 | KIV.4dd44 · first_building Barracks |
| 26:48 | Baysal · first_market_sell 100 wood |
| 27:57 | KIV.4dd44 · first_building Archery Range |
| 27:59 | joe08957 · first_building Castle |
| 28:12 | KIV.4dd44 · age_up imperial |
| 28:53 | Iam_Toretto · age_up imperial |
| 29:03 | Mr.stealyoBoar · age_up imperial |
| 29:03 | KIV.4dd44 · first_building Castle |
| 29:03 | joe08957 · age_up imperial |
| 30:03 | Baysal · age_up imperial |
| 30:04 | joe08957 · first_building Barracks |
| 30:10 | Baysal · first_building Barracks |
| 30:17 | AML4554 · first_building Barracks |
| 30:17 | KIV.4dd44 · first_building Stable |
| 30:49 | Mr.stealyoBoar · first_building Castle |
| 30:52 | knife · first_building Castle |
| 31:14 | knife · wall_segment Stone Wall x8 |
| 32:24 | knife · wall_segment Stone Wall x1 |
| 32:28 | knife · wall_segment Stone Wall x1 |
| 32:34 | Baysal · wall_segment Stone Wall x12 |
| 32:38 | Baysal · wall_segment Stone Wall x12 |
| 32:51 | Mr.stealyoBoar · first_building Siege Workshop |
| 33:00 | knife · wall_segment Stone Wall x1 |
| 33:02 | Mr.stealyoBoar · first_building Archery Range |
| 33:02 | knife · wall_segment Stone Wall x3 |
| 33:07 | AML4554 · age_up imperial |
| 33:11 | knife · wall_segment Stone Wall x1 |
| 33:20 | AML4554 · first_market_sell 100 wood |
| 33:22 | AML4554 · first_market_buy 100 food |
| 33:56 | joe08957 · first_building Stable |
| 34:12 | KIV.4dd44 · first_building Siege Workshop |
| 34:33 | joe08957 · first_building Siege Workshop |
| 35:03 | KIV.4dd44 · tribute_sent a jugador 1 |
| 35:03 | KIV.4dd44 · tribute_sent a jugador 2 |
| 35:03 | KIV.4dd44 · tribute_sent a jugador 3 |
| 35:03 | KIV.4dd44 · tribute_sent a jugador 4 |
| 35:03 | KIV.4dd44 · tribute_sent a jugador 6 |
| 35:03 | KIV.4dd44 · tribute_sent a jugador 7 |
| 35:03 | KIV.4dd44 · tribute_sent a jugador 8 |
| 35:07 | knife · age_up imperial |
| 35:25 | knife · first_market_sell 100 food |
| 35:57 | Baysal · first_building Archery Range |
| 38:22 | joe08957 · wall_segment Stone Wall x7 |
| 38:49 | joe08957 · wall_segment Stone Wall x6 |
| 39:59 | Iam_Toretto · wall_segment Stone Wall x15 |
| 40:24 | AML4554 · first_building Siege Workshop |
| 40:26 | Iam_Toretto · first_building Castle |
| 40:31 | KIV.4dd44 · tribute_sent a jugador 1 |
| 40:31 | KIV.4dd44 · tribute_sent a jugador 2 |
| 40:31 | KIV.4dd44 · tribute_sent a jugador 3 |
| 40:31 | KIV.4dd44 · tribute_sent a jugador 4 |
| 40:31 | KIV.4dd44 · tribute_sent a jugador 6 |
| 40:31 | KIV.4dd44 · tribute_sent a jugador 7 |
| 40:31 | KIV.4dd44 · tribute_sent a jugador 8 |
| 40:53 | KIV.4dd44 · wall_segment Stone Wall x3 |
| 41:54 | Mr.stealyoBoar · first_market_sell 500 stone |
| 43:58 | AML4554 · resign |
[ AI ANALYSIS · 1 CREDIT ]
What really happened in this match?
Wolo.gg analyzes every decision: build order, eco, micro, common mistakes by bracket. Personalized analysis on WhatsApp or Discord in 30 seconds.
Civ guide
Bulgarians
Map guide
Black Forest
Perfil
Jugador #10085151